 Dungeon Crawl Stone Soup version 0.24-a0-218-ga595e75 (webtiles) character file.

Game seed: 3431934296143718545

86 Wander the Skirmisher (level 4, 0/37 HPs)
             Began as a Human Wanderer on Mar 30, 2019.
             Slain by a shadow imp (5 damage)
             ... summoned by Natasha
             ... on level 2 of the Dungeon.
             The game lasted 00:05:48 (2369 turns).

Wander the Skirmisher (Human Wanderer)              Turns: 2369, Time: 00:05:49

Health: 0/37       AC:  2    Str: 14    XL:     4   Next: 78%
Magic:  5/5        EV: 11    Int: 10    God:
Gold:   84         SH:  0    Dex: 14    Spells: 3/5 levels left

rFire    . . .     SeeInvis .   a - +2 dagger
rCold    . . .     Gourm    .   (no shield)
rNeg     . . .     Faith    .   e - +0 robe
rPois    .         Spirit   .   (no helmet)
rElec    .         Reflect  .   (no cloak)
rCorr    .         Harm     .   (no gloves)
MR       .....                  (no boots)
Stlth    +.........             (no amulet)
HPRegen  0.12/turn              (no ring)
MPRegen  0.09/turn              (no ring)

@: confused
A: no striking features
a: no special abilities


You were on level 2 of the Dungeon.
You were near starving.

You visited 1 branch of the dungeon, and saw 3 of its levels.

You collected 84 gold pieces.

Inventory:

Hand Weapons
 a - a +2 dagger (weapon)
 c - a +0 hand axe
Armour
 e - a +0 robe (worn)
Wands
 o - a wand of random effects (12)
Scrolls
 d - a scroll of fog {unknown}
 h - a scroll of teleportation {unknown}
 i - a scroll of remove curse {unknown}
 j - 3 scrolls of identify {unknown}
 l - 2 scrolls of immolation {unknown}
 m - a scroll of enchant armour {unknown}
Potions
 b - 2 potions of haste
 g - a potion of cancellation {unknown}
 n - a potion of might {unknown}
 p - a potion of flight {unknown}
Comestibles
 f - 2 rations


   Skills:
 - Level 4.0 Fighting
 - Level 3.6 Short Blades
 - Level 1.0 Axes
 * Level 2.6 Stealth
 - Level 1.0 Spellcasting
   Level 1.0 Translocations
   Level 1.0 Earth Magic


You had 3 spell levels left.
You knew the following spells:

 Your Spells              Type           Power        Failure   Level  Hunger
a - Ensorcelled Hibernat  Hex/Ice        #.....       45%         2    ###....

Your spell library contained the following spells:

 Spells                   Type           Power        Failure   Level  Hunger
 Throw Frost              Conj/Ice       #.....       45%         2    ###....


Dungeon Overview and Level Annotations

Branches:
Dungeon (3/15)

Altars:

Annotations:
D:2 Natasha, Sigmund
D:3 Terence


Message History

Found a chain mail.
You are near starving!
You hit the rat.
You kill the rat!
You hear some strange, mumbled words.
A puff of flame appears from out of thin air!
The puff of flame hits you!
Natasha, Servant of Life and Death comes into view.
She is carrying a wand of random effects (13).
Found a robe.
Found a stone staircase leading up.
Something hits you.
You hear some strange, mumbled words.
You are confused.
You bump into the rock wall.
Natasha casts a spell.
Natasha claws you. The shadow imp closely misses you.
You bump into the rock wall.
Something hits you!
* * * LOW HITPOINT WARNING * * *
x2 Natasha stares at you and mumbles some strange words.
You resist with some effort. The shadow imp hits you.
You die...

###... .<[. .#
#....# ....#
....####.#
##.### ....#
###.......##
######.####
!...#
.w........
............
...%#
#......####
######.####.
#####
#......#..
.....##. %#
#[.....#.#
###.#.#.. .##
#......#.#
..#..## ..#
##...#h@.#
#...†... #.##
#.###5###
#.###.#. #..#
#. #.# #.. #
..#. ##w###.#
#.###### ###
#..##.####...#
##.##... +...#
#.##..# #.†.#
#.##..# #...#
#..#..###...#


You could see Natasha, a shadow imp and a dart slug (wandering).

Vanquished Creatures
  3 adders (D:3)
  A worm (D:2)
  2 dart slugs
  3 leopard geckos
  2 giant cockroaches
  5 goblins
  5 hobgoblins
  6 jackals
  4 kobolds
  9 bats
  7 frilled lizards
  2 rats
49 creatures vanquished.

Notes
Turn   | Place    | Note
-------+----------+-------------------------------------------
     0 | D:1      | Wander the Human Wanderer began the quest for the Orb.
     0 | D:1      | Wander set off with the following items: a +2 dagger, a
                  | potion of haste, a +0 hand axe, a +0 robe, a ration; and
                  | the following spells available to memorise: Ensorcelled
                  | Hibernation, Throw Frost
     0 | D:1      | Reached XP level 1. HP: 19/19 MP: 2/2
    36 | D:1      | Reached skill level 1 in Short Blades
    77 | D:1      | Reached XP level 2. HP: 11/25 MP: 3/3
   618 | D:1      | Reached XP level 3. HP: 30/30 MP: 4/4
  1488 | D:2      | Noticed Sigmund
  1515 | D:3      | Reached XP level 4. HP: 8/37 MP: 5/5
  1795 | D:3      | Learned a level 2 spell: Ensorcelled Hibernation
  2046 | D:3      | Noticed Terence
  2361 | D:2      | Noticed Natasha
  2369 | D:2      | Slain by a shadow imp

Levels and vault maps discovered:
D:1:      scummos_arrival_forest, layout_basic
D:2:      layout_basic, uniq_sigmund, uniq_natasha
D:3:      layout_basic, xom_redecorated, uniq_terence

Skill      XL: |  1  2  3 |
---------------+----------+-----
Short Blades   | 1 2 3 |  3.6
Fighting       | |  4.0
Axes           | |  1.0
Stealth        | |  2.6
Spellcasting   | |  1.0
Translocations | |  1.0
Earth Magic    | |  1.0

Action                   |  1- 3 |  4- 6 || total
-------------------------+-------+-------++-------
Melee: Dagger            |   137 |    42 ||   179
  Use: Potion            |     2 |     1 ||     3
 Stab: Sleeping          |     4 |     2 ||     6
  Eat: Chunk             |     2 |     1 ||     3
Armor: Robe              |    24 |       ||    24
Dodge: Dodged            |   103 |    15 ||   118

Table legend:
 A = Non-vault XP
 B = Vault XP
 C = Vault XP percentage of total XP
 D = Non-vault monster count
 E = Vault monster count
 F = Vault count percentage of total count
                 A         B        C        D         E       F
            +---------+---------+-------+---------+---------+-------
      Total |     124 |       0 |   0.0 |      49 |       0 |   0.0
            +---------+---------+-------+---------+---------+-------
        D:1 |      49 |       0 |   0.0 |      30 |       0 |   0.0
        D:2 |      22 |       0 |   0.0 |       9 |       0 |   0.0
        D:3 |      53 |       0 |   0.0 |      10 |       0 |   0.0
            +---------+---------+-------+---------+---------+-------
